 Dungeon Crawl Stone Soup version 0.30.0-29-ga12c61a403 (webtiles) character file.

Game seed: 17454175871829249986

3654 Tiring the Cleaver (level 10, -4/81 (90) HPs)
             Began as a Hill Orc Monk on June 17, 2023.
             Was a Believer of Beogh.
             Slain by a wight
             ... wielding a +5 halberd of freezing
              (17 damage)
             ... on level 8 of the Dungeon.
             The game lasted 00:12:10 (7174 turns).

Tiring the Cleaver (Hill Orc Monk)                  Turns: 7174, Time: 00:12:11

HP:   -4/81 (90)    AC: 10    Str: 19    XL:     10   Next: 12%
MP:   11/11         EV: 13    Int: 16    God:    Beogh [**....]
Gold: 438           SH:  0    Dex: 13    Spells: 9/9 levels left

rFire   + . .        f - +1 battleaxe
rCold   + . .        (shield currently unavailable)
rNeg    . . .        p - +0 ring mail {rPois}
rPois   +            (no helmet)
rElec   .            D - scarf {rC+ rF+}
rCorr   .            l - +0 pair of gloves
SInv    .            m - +1 pair of boots
Will    .....        a - amulet of reflection
Stlth   +            o - ring of poison resistance
HPRegen 0.33/turn    q - +6 ring of intelligence
MPRegen 0.12/turn

%: reflection
@: confused, ambrosia-drunk, heavily drained
A: no striking features
a: Renounce Religion, Smiting


You were on level 8 of the Dungeon.
You worshipped Beogh.
Beogh was pleased with you.
You visited 1 branch of the dungeon, and saw 8 of its levels.
You also visited: Ossuary.

You collected 438 gold pieces.

Inventory:

Hand Weapons
 f - a +1 battleaxe (weapon)
Missiles
 g - 15 poisoned darts (quivered)
 y - 4 throwing nets
Armour
 b - a +1 scale mail
 d - an orb of light
 l - a +0 pair of gloves (worn)
 m - a +1 pair of boots (worn)
 p - a +0 ring mail of poison resistance (worn)
 D - a scarf of resistance (worn)
Jewellery
 a - an amulet of reflection (around neck)
 c - an amulet of guardian spirit
 o - a ring of poison resistance (left hand)
 q - a +6 ring of intelligence (right hand)
Wands
 r - a wand of roots (8)
 w - a wand of paralysis (15)
Scrolls
 h - 5 scrolls of teleportation
 n - 3 scrolls of fog
 z - a scroll of blinking
 E - a scroll of poison
Potions
 e - 3 potions of flight
 i - a potion of resistance
 j - 3 potions of heal wounds
 k - 2 potions of haste {unknown}
 s - 3 potions of invisibility {unknown}
 t - a potion of might {unknown}
 u - 2 potions of lignification {unknown}
 v - 7 potions of curing
 x - 2 potions of brilliance {unknown}
 A - a potion of mutation {unknown}
 B - 2 potions of degeneration {unknown}


   Skills:
 + Level 8.4 Fighting
 + Level 9.1 Axes
 + Level 6.7 Armour
 + Level 5.7 Dodging
 + Level 5.5 Stealth
 + Level 2.5 Invocations


You had 9 spell levels left.
You didn't know any spells.
Your spell library contained the following spells:

 Spells                   Type           Power      Damage    Failure   Level
 Beastly Appendage        Tmut           0%         N/A       38%         1
 Magic Dart               Conj           0%         1d3       38%         1
 Call Imp                 Summ           0%         N/A       52%         2
 Sublimation of Blood     Necr           0%         N/A       52%         2
 Wereblood                Tmut           0%         N/A       52%         2
 Mephitic Cloud           Conj/Pois/Air  0%         N/A       77%         3
 Spider Form              Tmut/Pois      0%         N/A       77%         3
 Summon Hydra             Summ           0%         N/A       100%        7


Dungeon Overview and Level Annotations

Branches:
Dungeon (8/15)             Temple (0/1) D:7         Ossuary (visited)
   Lair: D:8-11

Altars:
Okawaru
Trog

Shops:
D:5 [

Annotations:
D:3 3 runed translucent doors, math4jedi's ghost, amateur MiBe


Message History

The kobold brigand is lightly wounded.
The kobold brigand hits you but does no damage.
The wight hits you from afar with a +2 trident!
You feel drained.
The wight hits you from afar with a +3 halberd.
The wight closely misses you.
You are too injured to fight recklessly!
You are too injured to fight recklessly!
You are too injured to fight recklessly!
You are confused.
You feel invigorated.
The kobold brigand hits you but does no damage.
The wight hits you from afar with a +2 trident!
The wight hits you from afar with a +3 halberd.
You feel drained. The wight hits you but does no damage.
You're too confused to move!
The kobold brigand hits you with a +0 short sword.
The wight hits you from afar with a +2 trident!
* * * LOW HITPOINT WARNING * * *
You feel drained.
* * * LOW HITPOINT WARNING * * *
The wight completely misses you. The wight closely misses you.
You bump into the rock wall.
The kobold brigand hits you with a +0 short sword.
* * * LOW HITPOINT WARNING * * *
The wight hits you from afar with a +2 trident.
* * * LOW HITPOINT WARNING * * *
You feel drained.
* * * LOW HITPOINT WARNING * * *
The wight misses you.
The wight hits you from afar with a +5 halberd of freezing.
* * * LOW HITPOINT WARNING * * *
You feel drained.
* * * LOW HITPOINT WARNING * * *
You hit the kobold brigand.
The kobold brigand is moderately wounded.
The kobold brigand hits you but does no damage.
The wight closely misses you. The wight completely misses you.
The wight hits you from afar with a +5 halberd of freezing!
You die... ##........ ........ ....... ####### #:.... #....<# #.zK. #.##### zzz

#.# #K# #.# #@#
#.#############.#
#...............#
#################


You could see a kobold brigand, 4 wights and a kobold.

Vanquished Creatures
  A two-headed ogre (D:7)
  Pikel (D:7)
  An orc warrior (D:7)
  A sky beast (D:7)
  4 black bears
  3 ice beasts
  3 ogres
  A bullfrog (D:7)
  2 scorpions
  3 wights (D:6)
  A howler monkey (D:7)
  An electric eel (D:6)
  2 hounds (D:5)
  A jelly (D:4)
  6 centaur zombies (Ossuary)
  3 orc priests (D:7)
  6 human zombies (Ossuary)
  3 iguanas
  Jessica (D:3)
  Ijyb (D:4)
  3 orc wizards
  3 mummies (Ossuary)
  4 adders
  15 gnolls
  A white imp (D:6)
  An ufetubus (D:6)
  A worm (D:4)
  2 dart slugs
  18 orcs
  3 endoplasms
  3 giant cockroaches
  6 goblins
  6 hobgoblins
  3 quokkas
  6 ball pythons
  2 bats
  2 frilled lizards
  47 kobolds
  7 rats
178 creatures vanquished.

Vanquished Creatures (others)
  A wyvern (D:7)
  An orc priest (D:7)
  3 orcs (D:7)
5 creatures vanquished.

Grand Total: 183 creatures vanquished

Notes
Turn   | Place    | Note
-------+----------+-------------------------------------------
     0 | D:1      | Tiring the Hill Orc Monk began the quest for the Orb.
     0 | D:1      | Reached XP level 1. HP: 19/19 MP: 1/1
   305 | D:1      | Reached XP level 2. HP: 26/27 MP: 2/2
   916 | D:1      | Reached skill level 1 in Armour
   989 | D:2      | Reached XP level 3. HP: 33/33 MP: 3/3
  1001 | D:2      | Reached skill level 1 in Stealth
  1669 | D:3      | Noticed Jessica
  1671 | D:3      | Killed Jessica
  1672 | D:3      | Reached XP level 4. HP: 40/40 MP: 4/4
  1739 | D:3      | Identified the +1 whip of Gluttony {flame, rF+ Int+3 Dex-3
                  | Stlth+}
  1751 | D:3      | Found a faded altar of an unknown god.
  2292 | D:3      | Found a runed translucent gate.
  2292 | D:3      | Found a runed translucent gate.
  2292 | D:3      | Found a runed translucent gate.
  2297 | D:3      | Noticed math4jedi's ghost (amateur MiBe)
  2434 | D:4      | Reached XP level 5. HP: 43/47 MP: 5/5
  2468 | D:4      | Found an iron altar of Okawaru.
  2468 | D:4      | Noticed Ijyb
  2489 | D:4      | Killed Ijyb
  2490 | D:4      | Reached skill level 5 in Axes
  2620 | D:4      | Noticed a black bear
  2645 | D:4      | Reached XP level 6. HP: 26/55 MP: 6/6
  2645 | D:4      | Killed a black bear
  2646 | D:4      | Reached skill level 5 in Fighting
  2997 | D:5      | Entered Level 5 of the Dungeon
  3116 | D:5      | Noticed an ice beast
  3128 | D:5      | Killed an ice beast
  3129 | D:5      | Reached XP level 7. HP: 44/61 MP: 7/7
  3313 | D:5      | Reached skill level 6 in Axes
  3313 | D:5      | Found a sand-covered staircase.
  3324 | Ossuary  | Entered an ossuary
  3491 | Ossuary  | Reached XP level 8. HP: 50/70 MP: 8/8
  3921 | D:5      | Reached skill level 7 in Axes
  3949 | D:5      | Found Fac Ogh's Antique Armour Emporium.
  5066 | D:6      | Reached skill level 5 in Armour
  5074 | D:6      | Reached XP level 9. HP: 16/70 MP: 9/9
  5074 | D:6      | Found a bloodstained altar of Trog.
  5487 | D:6      | Reached skill level 5 in Dodging
  6147 | D:7      | Reached skill level 8 in Axes
  6203 | D:7      | Noticed Pikel
  6214 | D:7      | Killed Pikel
  6215 | D:7      | Reached skill level 5 in Stealth
  6321 | D:7      | Became a worshipper of Beogh the Brigand
  6321 | D:7      | Reached * piety under Beogh
  6321 | D:7      | Reached ** piety under Beogh
  6629 | D:7      | Noticed a two-headed ogre
  6631 | D:7      | Found a staircase to the Ecumenical Temple.
  6641 | D:7      | Killed a two-headed ogre
  6642 | D:7      | Reached skill level 9 in Axes
  6642 | D:7      | Reached XP level 10. HP: 42/89 MP: 7/11
  7174 | D:8      | Slain by a wight

Illustrated notes

Levels and vault maps discovered:
D:1:      roderic_chinese_lattice_arrival, layout_basic, serial_forest,
          infiniplex_forest_end_double, infiniplex_forest_lined_room_2,
          infiniplex_forest_lined_corner, infiniplex_forest_end_2,
          infiniplex_forest_lined_2, infiniplex_forest_clump_tiny
D:2:      layout_basic, supply_closet_lemuel
D:3:      layout_loops_cross, ebering_ecumenical_altar_hall,
          gammafunk_ghost_necromancy, uniq_jessica
D:4:      layout_gridville, okawaru_trees_2, uniq_ijyb
D:5:      layout_basic, nicolae_ossuary_entry_ruins, serial_shops,
          nicolae_shop_hallway_stairs, chequers_serial_rivers_large_a
D:6:      minmay_goblin_kobold_castle, layout_gridville, trog_ov_bears_minmay
D:7:      layout_basic, minmay_temple_entry_proselytizer, uniq_pikel
D:8:      layout_basic

Skill      XL: |  1  2  3  4  5  6  7  8  9 |
---------------+----------------------------+-----
Armour         | 1 2 3 5 6 |  6.7
Fighting       | 4 5 7 8 |  8.4
Stealth        | 1 2 3 4 5 |  5.5
Dodging        | 3 4 5 |  5.7
Axes           | 5 6 7 9 |  9.1
Invocations    | 2 |  2.5

Action                     |  1- 3 |  4- 6 |  7- 9 | 10-12 || total
---------------------------+-------+-------+-------+-------++-------
  Melee: Hand axe          |    68 |       |       |       ||    68
         Battleaxe         |    29 |   112 |   302 |    37 ||   480
 Invoke: Smiting           |       |       |     1 |       ||     1
         Convert to Beogh  |       |       |     1 |       ||     1
    Use: Scroll            |     8 |     3 |     6 |       ||    17
         Potion            |       |     2 |     3 |     1 ||     6
   Stab: Sleeping          |       |       |     4 |     1 ||     5
         Distracted        |       |       |     1 |     1 ||     2
 Armour: Ring mail         |    17 |    54 |   135 |    11 ||   217
         Scale mail        |    26 |     8 |       |       ||    34
  Dodge: Dodged            |    57 |    93 |   222 |    29 ||   401
  Block: Other             |       |    28 |    84 |     7 ||   119
         Reflection        |       |     1 |     1 |       ||     2
